 Dungeon Crawl Stone Soup version 0.30.1-4-g462c640d31 (webtiles) character file.

Game seed: 4384636564538227396

6311 Kurtz the Cleaver (level 10, 0/60 HPs)
             Began as a Tengu Fighter on Sept 16, 2023.
             Was a High Priest of Okawaru.
             Slain by a boulder beetle (17 damage)
             ... on level 8 of the Dungeon.
             The game lasted 00:16:35 (9782 turns).

Kurtz the Cleaver (Tengu Fighter)                   Turns: 9782, Time: 00:16:36

Health: 0/60       AC: 10    Str: 20    XL:     10   Next: 95%
Magic:  11/11      EV: 14    Int:  8    God:    Okawaru [*****.]
Gold:   464        SH: 10    Dex: 15    Spells: 9/9 levels left

rFire   . . .        C - +1 hand axe (freeze)
rCold   . . .        I - +0 kite shield
rNeg    . . .        G - +0 acid dragon scales
rPois   .            (helmet restricted)
rElec   .            o - +0 cloak
rCorr   +            j - +0 pair of gloves
SInv    .            (boots unavailable)
Will    .....        (no amulet)
Stlth   +            (no ring)
HPRegen 0.30/turn    (no ring)
MPRegen 0.12/turn

%: no passive effects
@: flying quickly and evasively, quick
A: beak, talons 3, nimble flight
a: Renounce Religion, Heroism, Finesse, Duel


You were on level 8 of the Dungeon.
You worshipped Okawaru.
Okawaru was extremely pleased with you.
You visited 2 branches of the dungeon, and saw 9 of its levels.
You also visited: Bailey.

You collected 464 gold pieces.

Inventory:

Hand Weapons
 a - a +0 war axe
 C - a +1 hand axe of freezing (weapon)
 D - a +2 whip of venom
Missiles
 b - 2 poisoned darts
 l - 18 javelins (quivered)
Armour
 j - a +0 pair of gloves (worn)
 o - a +0 cloak (worn)
 w - a +0 plate armour
 G - +0 acid dragon scales (worn)
 I - a +0 kite shield (worn)
Jewellery
 k - a ring of wizardry
 v - a ring of magical power
Wands
 A - a wand of roots (12)
Scrolls
 e - 2 scrolls of butterflies
 f - a scroll of noise {unknown}
 g - 3 scrolls of silence
 n - 2 scrolls of amnesia {unknown}
 p - 3 scrolls of enchant weapon
 s - 5 scrolls of teleportation
 t - 2 scrolls of immolation
 z - 3 scrolls of enchant armour
 B - a scroll of poison {unknown}
 E - a scroll of blinking {unknown}
 H - 2 scrolls of fear {unknown}
Potions
 c - a potion of heal wounds
 d - 2 potions of might
 h - 3 potions of invisibility {unknown}
 i - 2 potions of curing {unknown}
 m - a potion of experience
 q - a potion of degeneration {unknown}
 r - 2 potions of attraction {unknown}
 u - a potion of mutation {unknown}
 x - a potion of ambrosia {unknown}
 F - a potion of cancellation {unknown}


   Skills:
 + Level 6.1 Fighting
 * Level 13.2 Axes
 + Level 0.9 Throwing
 + Level 7.9 Armour
 * Level 4.5 Dodging
 + Level 1.2 Stealth
 + Level 5.6 Shields
 + Level 0.2 Evocations


You had 9 spell levels left.
You didn't know any spells.
Your spell library contained the following spells:

 Spells                   Type           Power      Damage    Failure   Level
 Kiss of Death            Conj/Necr      0%         2d5       77%         1
 Sandblast                Erth           0%         2d4       77%         1
 Lesser Beckoning         Tloc           0%         N/A       88%         2
 Passwall                 Tmut/Erth      0%         N/A       88%         2
 Confusing Touch          Hex            0%         N/A       98%         3
 Gell's Gravitas          Tloc           0%         N/A       98%         3
 Ignite Poison            Fire/Tmut/Pois 0%         N/A       98%         3
 Portal Projectile        Hex/Tloc       0%         N/A       98%         3
 Stone Arrow              Conj/Erth      0%         3d7       98%         3
 Teleport Other           Tloc           0%         N/A       98%         3
 Dispel Undead            Necr           0%         3d6       100%        4
 Leda's Liquefaction      Hex/Erth       0%         N/A       100%        4
 Sticky Flame             Conj/Fire      0%         2d3       100%        4
 Ignition                 Fire           0%         3d3       100%        8
 Call Canine Familiar     Summ           Unusable   N/A       N/A         3

Dungeon Overview and Level Annotations

Branches:
Dungeon (8/15)             Temple (1/1) D:4            Lair (0/5) D:8
 Bailey (visited)

Altars:
Dithmenos
Elyvilon
Gozag
Okawaru
Sif Muna
Trog
Uskayaw
Yredelemnul

Shops:
D:3 (

Annotations:
D:2 1 runed translucent door, Crazy Yiuf
D:6 Pikel
D:7 2 transporters, DoctorOfPepper's ghost, novice FeBe


Innate Abilities, Weirdness & Mutations

You have a beak for a mouth.
You have claws for feet.
Your magical nature lets you fly swiftly and evasively.


Message History

You hit the boulder beetle but do no damage.
The boulder beetle is severely wounded.
The boulder beetle bites you!
You hit the boulder beetle but do no damage.
You claw the boulder beetle, but do no damage.
You peck the boulder beetle, but do no damage.
The boulder beetle is severely wounded.
The boulder beetle bites you.
You are too injured to fight recklessly!
You are too injured to fight recklessly!
You hit the boulder beetle but do no damage.
You claw the boulder beetle!
The boulder beetle is severely wounded.
The boulder beetle bites you!
You hit the boulder beetle but do no damage.
You claw the boulder beetle, but do no damage.
The boulder beetle is severely wounded.
You hit the boulder beetle. You freeze the boulder beetle.
You claw the boulder beetle, but do no damage.
You peck the boulder beetle, but do no damage.
The boulder beetle is severely wounded.
The boulder beetle bites you.
* * * LOW HITPOINT WARNING * * *
Unknown command.
You hit the boulder beetle. You freeze the boulder beetle.
You peck the boulder beetle, but do no damage.
The boulder beetle is almost dead.
You block the boulder beetle's attack.
You hit the boulder beetle. You freeze the boulder beetle.
You peck the boulder beetle, but do no damage.
The boulder beetle is almost dead.
The boulder beetle bites you but does no damage.
You hit the boulder beetle but do no damage.
You claw the boulder beetle, but do no damage.
The boulder beetle is almost dead.
You hit the boulder beetle but do no damage.
You claw the boulder beetle, but do no damage.
The boulder beetle is almost dead.
The boulder beetle bites you!
You die...

#.#.#######....###
.##.#...........## # ###
......######.#### #
...####.##...........# #
............#####.##.###
#...........#####.##)##.
#............<.....)))..
#...........####.######>
......(@....# #.# #.
#.....B>....# #.# #.
#...........# #.# #.
#...........# #)# #.
............# #<# #.
#####..###.## #)# #. #..
#.# #)# #. #.. ##.## #.#
#. # #...# #.# #.


You could see a boulder beetle.

Vanquished Creatures
  A two-headed ogre (D:8)
  Maggie (D:7)
  Sigmund (D:6)
  A wyvern (D:8)
  A steam dragon (D:6)
  Menkaure (D:5)
  2 water moccasins
  11 orc warriors
  2 black bears
  5 ice beasts
  2 sky beasts
  An ogre (D:5)
  13 centaurs
  A phantom (D:7)
  2 lemures (D:6)
  A bullfrog (D:8)
  5 scorpions
  A gnoll sergeant (D:7)
  4 killer bees (D:7)
  A bullfrog zombie (D:4)
  3 hounds
  A jelly (D:7)
  6 orc priests
  2 sleepcaps
  3 iguanas
  Natasha (D:2)
  7 orc wizards
  A hound zombie (D:4)
  7 gnolls
  13 adders
  A white imp (D:7)
  2 ufetubi
  3 adder zombies (D:4)
  3 worms
  5 dart slugs
  49 orcs
  4 endoplasms
  9 giant cockroaches
  6 goblins
  5 hobgoblins
  7 jackals (D:3)
  8 kobolds
  2 quokkas
  6 ball pythons
  3 bats (D:1)
  5 frilled lizards
  3 rats (D:1)
222 creatures vanquished.

Notes
Turn   | Place    | Note
-------+----------+-------------------------------------------
     0 | D:1      | Kurtz the Tengu Fighter began the quest for the Orb.
     0 | D:1      | Reached XP level 1. HP: 14/14 MP: 2/2
   187 | D:1      | Reached XP level 2. HP: 18/19 MP: 3/3
   505 | D:2      | Reached XP level 3. HP: 23/23 MP: 4/4
   641 | D:2      | Reached skill level 3 in Axes
   646 | D:2      | Reached XP level 4. HP: 28/28 MP: 5/5
   739 | D:2      | Reached skill level 4 in Axes
   781 | D:2      | Found a runed translucent door.
   782 | D:2      | Noticed Crazy Yiuf
  1008 | D:2      | Gained mutation: Your magical nature lets you fly swiftly
                  | and evasively. [Tengu growth]
  1008 | D:2      | Reached XP level 5. HP: 32/32 MP: 6/6
  1030 | D:2      | Noticed Natasha
  1036 | D:2      | Killed Natasha
  1037 | D:2      | Reached skill level 5 in Axes
  1294 | D:3      | Found Diucalal's Antique Weapon Emporium.
  1656 | D:3      | Noticed an ice beast
  1668 | D:3      | Killed an ice beast
  1669 | D:3      | Reached skill level 6 in Axes
  1669 | D:3      | Reached XP level 6. HP: 7/37 MP: 7/7
  2221 | D:4      | Found a staircase to the Ecumenical Temple.
  2244 | Temple   | Entered the Ecumenical Temple
  2274 | Temple   | Became a worshipper of Warmaster Okawaru
  2363 | D:4      | Found a basalt altar of Yredelemnul.
  2441 | D:4      | Reached XP level 7. HP: 36/42 MP: 8/8
  2776 | D:4      | Reached skill level 7 in Axes
  2815 | D:5      | Entered Level 5 of the Dungeon
  2971 | D:4      | Reached * piety under Okawaru
  3127 | D:5      | Reached skill level 8 in Axes
  3127 | D:5      | Reached skill level 1 in Dodging
  3299 | D:5      | Found a shimmering blue altar of Sif Muna.
  3390 | D:5      | Reached XP level 8. HP: 42/48 MP: 9/9
  3837 | D:5      | Reached skill level 9 in Axes
  3918 | D:6      | Noticed Menkaure
  3935 | D:6      | Noticed Sigmund
  4127 | D:5      | Killed Menkaure
  4127 | D:5      | Reached ** piety under Okawaru
  4128 | D:5      | Reached skill level 5 in Armour
  4475 | D:6      | Reached skill level 10 in Axes
  4501 | D:6      | Reached XP level 9. HP: 42/53 MP: 10/10
  4505 | D:6      | Killed Sigmund
  4808 | D:6      | Noticed Pikel
  4813 | D:6      | Reached skill level 5 in Fighting
  5181 | D:6      | Reached *** piety under Okawaru
  5368 | D:7      | Noticed Maggie
  5388 | D:6      | Reached skill level 11 in Axes
  5464 | D:7      | Found a flagged portal.
  5473 | Bailey   | Entered a bailey
  6682 | Bailey   | Reached XP level 10. HP: 44/59 MP: 8/11
  6893 | Bailey   | Reached skill level 12 in Axes
  7216 | Bailey   | Reached **** piety under Okawaru
  7699 | D:7      | Reached skill level 1 in Stealth
  7813 | D:7      | Found a transporter.
  7913 | D:7      | Reached skill level 5 in Shields
  7929 | D:7      | Found a transporter.
  7929 | D:7      | Noticed DoctorOfPepper's ghost (novice FeBe)
  8714 | D:7      | Killed Maggie
  9303 | D:8      | Found a hide-covered altar of Uskayaw.
  9388 | D:8      | Identified the +7 rapier of Pafiur {spect, rN+}
  9392 | D:8      | Noticed a two-headed ogre
  9403 | D:8      | Killed a two-headed ogre
  9403 | D:8      | Reached ***** piety under Okawaru
  9404 | D:8      | Reached skill level 13 in Axes
  9599 | D:8      | Noticed a boulder beetle
  9744 | D:8      | Found a staircase to the Lair.
  9782 | D:8      | Slain by a boulder beetle

Illustrated notes

Levels and vault maps discovered:
D:1:      nagdon_arrival_zigzag_paths, layout_basic, minmay_misc_feat_enclosed,
          corexii_hall_statues_deadend, minmay_pentomino_v4
D:2:      layout_loops_cross, kennysheep_generic_room_7, uniq_natasha,
          uniq_crazy_yiuf_cottage
D:3:      layout_basic, serial_shops, nicolae_shop_advertising_works
          [nicolae_subvault_shop_adworks]
D:4:      layout_rooms, nicolae_yredelemnul_corpse_copse,
          minmay_temple_entry_tees
D:5:      layout_rooms, mainiacjoe_overflow_catwalk
D:6:      layout_rooms, uniq_sigmund, uniq_pikel, uniq_menkaure
D:7:      layout_cave_pods, enter_bailey_8, gammafunk_ghost_arena, st_stairs_2,
          uniq_maggie
D:8:      layout_loops_ring, nicolae_uskayaw_dance_hall, lair_entry_dummy
Temple:   oiseaux_autumnal_temple

Skill      XL: |  1  2  3  4  5  6  7  8  9 10 |
---------------+-------------------------------+-----
Axes           | 3 4 6 8 10 11 13 | 13.2
Fighting       | 4 5 6 |  6.1
Armour         | 4 5 6 7 |  7.9
Dodging        | 1 3 4 |  4.5
Shields        | 4 5 |  5.6
Stealth        | 1 |  1.2
Throwing       | |  0.9
Evocations     | |  0.2

Action                     |  1- 3 |  4- 6 |  7- 9 | 10-12 || total
---------------------------+-------+-------+-------+-------++-------
  Melee: War axe           |    53 |   143 |   326 |    94 ||   616
         Peck              |     7 |    18 |    59 |    60 ||   144
         Kick              |    10 |    30 |    99 |   104 ||   243
         Hand axe          |       |       |       |   161 ||   161
  Throw: Javelin           |       |       |     6 |    12 ||    18
         Dart              |       |       |     3 |       ||     3
 Invoke: Heroism           |       |       |     3 |     1 ||     4
  Evoke: Wand              |       |       |       |     6 ||     6
    Use: Scroll            |       |       |     8 |     1 ||     9
         Potion            |       |       |     1 |       ||     1
 Armour: Scale mail        |    30 |    64 |    26 |       ||   120
         Chain mail        |       |       |   140 |    38 ||   178
         Plate armour      |       |       |       |    44 ||    44
         Acid dragon scale |       |       |       |    15 ||    15
  Dodge: Dodged            |    20 |    75 |   203 |   114 ||   412
  Block: Buckler           |    12 |    29 |    76 |    43 ||   160
         Kite shield       |       |       |       |    16 ||    16
